 Dungeon Crawl Stone Soup version 0.27.1 (webtiles) character file.

Game seed: 3103904632945380954

100 Atelerd the Digger (level 4, -2/27 HPs)
             Began as an Octopode Earth Elementalist on Sept 4, 2021.
             Slain by Grinder (5 damage)
             ... on level 3 of the Dungeon.
             The game lasted 00:01:50 (2660 turns).

Atelerd the Digger (Octopode Earth Elementalist)    Turns: 2660, Time: 00:01:51

Health: -2/27      AC:  1    Str:  7    XL:     4   Next: 74%
Magic:  1/8        EV: 13    Int: 18    God:
Gold:   65         SH:  0    Dex: 12    Spells: 8/9 levels left

rFire    . . .     SeeInvis .   d - +0 dagger
rCold    . . .     Faith    .   (no shield)
rNeg     . . .     Spirit   .   (helmet restricted)
rPois    .         Reflect  .   (no amulet)
rElec    .         Harm     .   (no ring)
rCorr    .         Rampage  .   (no ring)
Will     .....                  (no ring)
Stlth    +++.......             (no ring)
HPRegen  0.09/turn              (no ring)
MPRegen  0.11/turn              (no ring)
                                (no ring)
                                (no ring)

@: no status effects
A: almost no armour, amphibious, 8 rings, camouflage 1, gelatinous body 1,
(nimble swimmer 1), tentacles
a: no special abilities


You were on level 3 of the Dungeon.
You visited 1 branch of the dungeon, and saw 3 of its levels.

You collected 65 gold pieces.

Inventory:

Hand Weapons
 d - a +0 dagger (weapon)
Missiles
 b - 59 stones
Jewellery
 h - an amulet of faith
Scrolls
 a - 2 scrolls of teleportation {unknown}
 c - a scroll of noise {unknown}
 g - 2 scrolls of identify {unknown}
Potions
 e - a potion of heal wounds {unknown}
 f - a potion of degeneration {unknown}


   Skills:
 - Level 2.0 Dodging
 - Level 2.6 Stealth
 + Level 3.0 Spellcasting
 + Level 2.5 Transmutations
 + Level 3.9 Earth Magic


You had 8 spell levels left.
You knew the following spells:

 Your Spells              Type           Power      Damage    Failure   Level
a - Sandblast             Erth           32%        2d9       3%          1

Your spell library contained the following spells:

 Spells                   Type           Power      Damage    Failure   Level
 Passwall                 Tmut/Erth      11%        N/A       6%          2
 Sting                    Tmut/Pois      28%        1d4       10%         1
 Stone Arrow              Conj/Erth      18%        3d8       22%         3
 Poisonous Vapours        Pois/Air       4%         N/A       24%         2
 Petrify                  Tmut/Erth      14%        N/A       38%         4
 Olgreb's Toxic Radiance  Pois           2%         N/A       85%         4
 Chain Lightning          Conj/Air       1%         3d1       100%        9
 Fire Storm               Conj/Fire      1%         7d1       100%        9


Dungeon Overview and Level Annotations

Branches:
Dungeon (3/15)

Altars:
Dithmenos

Annotations:
D:3 Grinder


Innate Abilities, Weirdness & Mutations

You cannot wear most types of armour.
You are amphibious.
You can wear up to eight rings at the same time.
Your skin changes colour to match your surroundings (Stealth+).
Your rubbery body absorbs attacks. (AC +1, EV +1)
((You are camouflaged near water. (Stealth+)))
You have tentacles for arms and can constrict up to eight enemies at once.


Message History

Casting: Sandblast (safe; 3% risk of failure)
Confirm with . or Enter, or press ? or * to list all spells.
Aiming: Sandblast (safe; 3% risk of failure)
Press: ? - help, Shift-Dir - straight line, f/p - Grinder
Aim: Grinder (heavily wounded, 77% to hit)
The blast of sand hits Grinder.
Grinder is severely wounded.
Grinder says, "Don't move a muscle."
Grinder misses you.
Casting: Sandblast (safe; 3% risk of failure)
Confirm with . or Enter, or press ? or * to list all spells.
Aiming: Sandblast (safe; 3% risk of failure)
Press: ? - help, Shift-Dir - straight line, f/p - Grinder
Aim: Grinder (severely wounded, 77% to hit)
The blast of sand hits Grinder!
Grinder is almost dead.
Grinder hits you.
You writhe in agony.
Casting: Sandblast (safe; 3% risk of failure)
Confirm with . or Enter, or press ? or * to list all spells.
Aiming: Sandblast (safe; 3% risk of failure)
Press: ? - help, Shift-Dir - straight line, f/p - Grinder
Aim: Grinder (almost dead, 77% to hit)
The blast of sand hits Grinder but does no damage.
Grinder is almost dead.
Grinder hits you!
You writhe in agony.
Casting: Sandblast (safe; 3% risk of failure)
Confirm with . or Enter, or press ? or * to list all spells.
You don't have enough magic to cast this spell.
Unknown command.
Casting: Sandblast (safe; 3% risk of failure)
Confirm with . or Enter, or press ? or * to list all spells.
You don't have enough magic to cast this spell.
Unknown command.
You hit Grinder. You grab Grinder. You squeeze Grinder.
Grinder is almost dead.
You constrict Grinder, but do no damage.
Grinder hits you!
* * * LOW HITPOINT WARNING * * *
You writhe in agony.
You die...

...............#.
........#.......#......
.......#.#........##..
.........#.#.....#..##..
...........#.........#.#
#r.......###..........#
.. ........#
##......##.. #.###..#5.#
#......#### .......#@#
#......# # ......(..#
######.#### ......#.##
#...## ........###
###.## ####......######
#.## ##..........## #.##
#.#.###..#..######.##
#.#.# ##........##..#
#.#.. ######.#..##.#


You could see Grinder.

Vanquished Creatures
  A hound zombie (D:3)
  3 adders (D:3)
  A worm (D:2)
  5 ball pythons
  3 bats
  4 endoplasms
  A giant cockroach (D:1)
  10 goblins
  8 hobgoblins
  2 jackals (D:3)
  4 kobolds
  2 quokkas
  4 frilled lizards
  3 rats
51 creatures vanquished.

Notes
Turn   | Place    | Note
-------+----------+-------------------------------------------
     0 | D:1      | Atelerd the Octopode Earth Elementalist began the quest for
                  | the Orb.
     0 | D:1      | Reached XP level 1. HP: 11/11 MP: 3/3
   377 | D:1      | Reached XP level 2. HP: 14/17 MP: 1/5
   922 | D:1      | Reached XP level 3. HP: 19/21 MP: 2/6
  1295 | D:2      | Found a shadowy altar of Dithmenos.
  2042 | D:3      | Reached XP level 4. HP: 14/27 MP: 4/8
  2050 | D:3      | HP: 1/27 [poisoned by an adder]
  2645 | D:3      | Noticed Grinder
  2660 | D:3      | Slain by Grinder

Illustrated notes

Levels and vault maps discovered:
D:1:      scummos_arrival_simple_crosswalls, layout_basic
D:2:      layout_basic, basic_altar
D:3:      layout_rooms, uniq_grinder

Skill      XL: |  1  2  3  4 |
---------------+-------------+-----
Transmutations | 2 |  2.5
Spellcasting   | 3 |  3.0
Dodging        | |  2.0
Stealth        | |  2.6
Earth Magic    | |  3.9

Action                   |  1- 3 |  4- 6 || total
-------------------------+-------+-------++-------
Melee: Unarmed           |     4 |       ||     4
       Constrict         |    14 |     7 ||    21
       Tentacles         |     7 |     4 ||    11
       Dagger            |    55 |    18 ||    73
 Cast: Sandblast         |    28 |    25 ||    53
 Stab: Sleeping          |     8 |       ||     8
Armor: Skin              |     3 |     1 ||     4
Dodge: Dodged            |    51 |    20 ||    71
